cohdb
Replays
Latest Replays
All Replays
Popular Replays
Top Player Replays
Match Explorer
How It Works
Community
CoH3 Stats
Reddit
Sign in to upload your games and track your stats! →
Sign in with Steam
Match 46902677
Unlisted
Match 46902677
Overview
Messages
Build Orders
End
Construct Section Command Post
Selects Canadian Shock Battlegroup
Infantry Section
Dingo Light Scout Car
Infantry Section
Infantry Section
Construct Platoon Command Post
Selects Attacking Spirit
Humber Armored Car
Construct Field Infirmary
6-pounder Anti-tank Gun Team
Selects Canadian Shock Section
Vickers Machine Gun Team
Grenade Package
Selects Burnout
Selects Incendiary Munitions
Selects Pyrotechnics
Canadian Shock Section
Construct Company Command Post
Crusader II Medium Tank
Crusader II Medium Tank
Selects Demolition Engineering
Foot Guards Section
Crusader II Medium Tank
Selects Smoke Operation
Selects Point Assault
Crusader II Medium Tank
Crusader II Medium Tank
jdnebel
coldvortex
0
0
Comments
sign in to comment!
No comments posted yet!